 Dungeon Crawl Stone Soup version 0.21-a0-519-gb765982 (webtiles) character file.

129 slep the Chopper (level 5, 0/41 HPs)
             Began as a Human Monk on Dec 5, 2017.
             Was a Believer of Ashenzari.
             Slain by an iguana (12 damage)
             ... on level 3 of the Dungeon.
             The game lasted 00:07:45 (2114 turns).

slep the Chopper (Human Monk)                       Turns: 2114, Time: 00:07:46

Health: 0/41       AC:  4    Str: 12    XL:     5   Next: 35%
Magic:  5/5        EV: 13    Int: 10    God:    Ashenzari [**....]
Gold:   123        SH:  0    Dex: 16    Spells: 4/4 levels left

rFire    . . .     SeeInvis .   a - +0 hand axe
rCold    . . .     Gourm    .   (no shield)
rNeg     . . .     Faith    .   f - +0 leather armour
rPois    .         Spirit   .   (helmet restricted)
rElec    .         Reflect  .   (no cloak)
rCorr    .         Harm     .   e - +0 pair of gloves
MR       +....     Rnd*Rage +   (no boots)
Stlth    +.........             i - amulet of inaccuracy (curse)
HPRegen  0.13/turn              r - ring of flight
MPRegen  0.09/turn              t - ring of loudness (curse)

@: no status effects
A: horns 1, berserk 1, magic resistance 1, wild magic 1
a: Curse Item, Scrying, Renounce Religion, Evoke Flight


You were on level 3 of the Dungeon.
You worshipped Ashenzari.
Ashenzari was pleased with you.
You were not hungry.

You visited 1 branch of the dungeon, and saw 3 of its levels.

You collected 123 gold pieces.

Inventory:

Hand Weapons
 a - a +0 hand axe (weapon)
Armour
 b - a +0 robe
 e - a +0 pair of gloves (worn)
 f - a +0 leather armour (worn)
Jewellery
 i - a cursed amulet of inaccuracy (around neck)
 r - a ring of flight (left hand)
 t - a cursed ring of loudness (right hand)
Wands
 u - a wand of clouds (5)
Scrolls
 d - 5 scrolls of remove curse
 l - a scroll of noise {unknown}
 n - a scroll of amnesia {unknown}
 o - 2 scrolls of identify {unknown}
 p - a scroll of random uselessness {unknown}
 q - a scroll of teleportation {unknown}
Potions
 j - a potion of invisibility {unknown}
 k - a potion of mutation
 m - a potion of agility {unknown}
Comestibles
 c - a bread ration
 g - 4 meat rations
 h - a royal jelly
 s - 2 chunks of flesh
 v - 2 fruits


   Skills:
 + Level 3.6 Fighting
 + Level 4.2 Axes
 + Level 1.4 Armour
 + Level 3.5 Dodging
 + Level 2.5 Stealth


You had 4 spell levels left.
You didn't know any spells.

Dungeon Overview and Level Annotations

Branches:
Dungeon (3/15)

Altars:
Ashenzari
Sif Muna
Zin


Innate Abilities, Weirdness & Mutations

You have a pair of small horns on your head.
You tend to lose your temper in combat.
You are resistant to hostile enchantments. (MR+)
Your spells are a little harder to cast, but a little more powerful.


Message History

The iguana barely misses you.
The kobold throws a stone.
The stone closely misses you.
You completely miss the iguana.
The iguana is moderately wounded.
The iguana bites you.
* * * LOW HITPOINT WARNING * * *
The kobold throws a stone.
The stone hits you but does no damage.
You hit the iguana. Your headbutt misses the iguana.
The iguana is heavily wounded.
The iguana barely misses you.
The kobold throws a stone.
The stone hits you but does no damage. The iguana barely misses you.
You closely miss the iguana.
The iguana is heavily wounded.
The adder bites you but does no damage.
The iguana bites you but does no damage.
You closely miss the iguana. You headbutt the iguana.
The iguana is severely wounded.
You hit the adder but do no damage. The adder completely misses you.
The iguana bites you!
You die...

##.###....... .##.#..
.....#......... ... ..
...(..K........ #..#.#
...(..........K #....#
...............##.#..# #
..(......<......#....##.##
.###..#######............#
##.#..# ##...S#l...#
#.##(.# ##....#@#...#
.##.).## #....#._.#...#
...)#..###.....#.#....#
....÷...........#.....#
..#÷.................##
.##........#...##....#
.##........##.## ###.#
.##............. ...
###........##.#.. ....


You could see an iguana, an adder and a kobold.

Vanquished Creatures
  5 adders (D:2)
  A shadow imp (D:2)
  An ooze (D:1)
  2 worms (D:3)
  A dart slug (D:2)
  A leopard gecko (D:2)
  2 giant cockroaches (D:1)
  8 goblins
  12 hobgoblins
  5 jackals (D:2)
  5 kobolds
  2 quokkas (D:2)
  8 bats
  2 frilled lizards
  7 rats
62 creatures vanquished.

Notes
Turn   | Place    | Note
-------+----------+-------------------------------------------
     0 | D:1      | slep the Human Monk began the quest for the Orb.
     0 | D:1      | Reached XP level 1. HP: 18/18 MP: 1/1
   176 | D:1      | Reached XP level 2. HP: 24/24 MP: 2/2
   538 | D:1      | Reached XP level 3. HP: 25/29 MP: 3/3
  1177 | D:2      | Reached XP level 4. HP: 23/35 MP: 4/4
  1275 | D:2      | Reached skill level 1 in Armour
  1593 | D:2      | Reached skill level 4 in Axes
  1637 | D:2      | Reached XP level 5. HP: 36/41 MP: 5/5
  1679 | D:2      | Found a glowing silver altar of Zin.
  1681 | D:2      | Found a shattered altar of Ashenzari.
  1702 | D:2      | Found a deep blue altar of Sif Muna.
  1797 | D:3      | Found a faded altar of an unknown god.
  1817 | D:3      | HP: 1/41 [worm (4)]
  2059 | D:3      | Gained mutation: You tend to lose your temper in combat. [potion of mutation]
  2059 | D:3      | Gained mutation: You are resistant to hostile enchantments. (MR+) [potion of mutation]
  2059 | D:3      | Gained mutation: You have a pair of small horns on your head. [potion of mutation]
  2059 | D:3      | Gained mutation: Your spells are a little harder to cast, but a little more powerful. [potion of mutation]
  2099 | D:3      | Became a worshipper of Ashenzari the Shackled
  2099 | D:3      | Reached * piety under Ashenzari
  2099 | D:3      | Reached ** piety under Ashenzari
  2114 | D:3      | Slain by an iguana

Vault maps used:
D:1:      onia_arrival_handbag, minmay_tree_intersection,
          kennysheep_another_room, minmay_misc_feat_tiny
D:2:      grunt_temple_overflow_open
D:3:      grunt_temple_overflow_forces_of_nature,
          nicolae_overflow_hidden_temple,
          chequers_ecumenical_altar_simple_redux, minmay_bisected, uniq_robin

Skill      XL: |  1  2  3  4 |
---------------+-------------+-----
Armour         | 1 |  1.4
Axes           | 4 |  4.2
Fighting       | |  3.6
Dodging        | |  3.5
Stealth        | |  2.5

Action                   |  1- 3 |  4- 6 || total
-------------------------+-------+-------++-------
Melee: Hand axe          |    99 |   158 ||   257
       Headbutt          |       |     5 ||     5
  Use: Potion            |       |     1 ||     1
 Stab: Sleeping          |     6 |       ||     6
  Eat: Chunk             |     1 |     3 ||     4
Armor: Robe              |     3 |       ||     3
       Leather armour    |    22 |    48 ||    70
Dodge: Dodged            |    93 |   149 ||   242

Table legend:
 A = Spawn XP
 B = Non-spawn XP
 C = Spawn XP percentage of total XP
 D = Spawn monster count
 E = Non-spawn monster count
 F = Spawn count percentage of total count
 G = Total turns spent on level
                    A         B        C        D         E        F      G
               +---------+---------+-------+---------+---------+-------+---------
         Total |       0 |     185 |   0.0 |       0 |      62 |   0.0 |  2114
               +---------+---------+-------+---------+---------+-------+---------
           D:1 |       0 |      31 |   0.0 |       0 |      17 |   0.0 |   752
           D:2 |       0 |     130 |   0.0 |       0 |      34 |   0.0 |  1225
           D:3 |       0 |      24 |   0.0 |       0 |      11 |   0.0 |   137
               +---------+---------+-------+---------+---------+-------+---------
